 Dungeon Crawl Stone Soup version 0.23-a0-703-gdf2d5e0dd9 (webtiles) character file.

2224 Hercules1031 the Carver (level 9, -3/69 HPs)
             Began as a Gnoll Wanderer on Jan 14, 2019.
             Was a Priest of Nemelex Xobeh.
             Slain by an orc warrior
             ... wielding a +1 halberd of flaming
              (6 damage)
             ... on level 6 of the Dungeon.
             The game lasted 00:21:40 (6888 turns).

Hercules1031 the Carver (Gnoll Wanderer)            Turns: 6888, Time: 00:21:40

Health: -3/69      AC: 12    Str: 18    XL:     9   Next: 35%
Magic:  15/15      EV:  9    Int: 15    God:    Nemelex Xobeh [***...]
Gold:   327        SH:  9    Dex: 14    Spells: 16/16 levels left

rFire    . . .     SeeInvis .   w - +1 long sword
rCold    . . .     Gourm    .   h - +0 shield
rNeg     . . .     Faith    .   a - +2 scale mail
rPois    .         Spirit   .   s - +0 helmet
rElec    .         Reflect  .   n - +0 cloak
rCorr    +         Harm     .   (no gloves)
MR       .....                  v - +0 pair of boots
Stlth    +.........             (no amulet)
HPRegen  0.21/turn              k - ring of resist corrosion
MPRegen  0.14/turn              (no ring)

@: no status effects
A: distributed training, fangs 1, strong nose
a: Draw Escape, Draw Destruction, Draw Summoning, Triple Draw, Renounce Religion


You were on level 6 of the Dungeon.
You worshipped Nemelex Xobeh.
Nemelex Xobeh was most pleased with you.
You were not hungry.

You visited 1 branch of the dungeon, and saw 6 of its levels.
You also visited: Ossuary.

You collected 327 gold pieces.

Inventory:

Hand Weapons
 b - a +0 quarterstaff
 l - a +4 quarterstaff of chaos
 u - a +2 mace of holy wrath
 w - a +1 long sword (weapon)
Armour
 a - a +2 scale mail (worn)
 g - a +0 plate armour
 h - a +0 shield (worn)
 n - a +0 cloak (worn)
 s - a +0 helmet (worn)
 v - a +0 pair of boots (worn)
Jewellery
 k - a ring of resist corrosion (left hand)
Wands
 p - a wand of iceblast (13)
 r - a wand of polymorph (8)
Scrolls
 d - a scroll of magic mapping
 f - 10 scrolls of identify
 i - 4 scrolls of teleportation
 j - 3 scrolls of remove curse
 q - a scroll of enchant armour {unknown}
Potions
 c - a potion of lignification
 e - a potion of agility
 o - 4 potions of degeneration
 t - 2 potions of might {unknown}
 x - a potion of heal wounds
 z - 2 potions of curing
 A - a potion of flight
 B - a potion of brilliance {unknown}
Comestibles
 m - 3 rations


   Skills:
 + Level 6.2 Fighting
 + Level 4.1 Short Blades
 + Level 9.5 Long Blades
 + Level 4.1 Axes
 + Level 4.1 Maces & Flails
 + Level 4.1 Polearms
 + Level 4.1 Staves
 + Level 4.1 Slings
 + Level 4.1 Bows
 + Level 4.1 Crossbows
 + Level 4.9 Throwing
 + Level 4.9 Armour
 + Level 4.1 Dodging
 + Level 4.8 Stealth
 + Level 4.1 Shields
 + Level 4.1 Unarmed Combat
 + Level 4.1 Spellcasting
 + Level 3.3 Conjurations
 + Level 3.3 Hexes
 + Level 3.3 Charms
 + Level 3.3 Summonings
 + Level 3.3 Necromancy
 + Level 3.3 Translocations
 + Level 3.3 Transmutations
 + Level 3.3 Fire Magic
 + Level 3.3 Ice Magic
 + Level 3.3 Air Magic
 + Level 3.3 Earth Magic
 + Level 3.3 Poison Magic
 + Level 4.5 Invocations
 + Level 4.9 Evocations


You had 16 spell levels left.
You didn't know any spells.
Your spell library contained the following spells:

 Spells                   Type           Power        Failure   Level  Hunger
 Magic Dart               Conj           ##..         50%         1    None
 Searing Ray              Conj           ##....       63%         2    ##.....
 Dazzling Spray           Conj/Hex       ##....       86%         3    ###....
 Force Lance              Conj/Tloc      ##......     99%         4    ####...
 Fulminant Prism          Conj/Hex       ##........   99%         4    ####...
 Iskenderun's Mystic Bla  Conj           ##......     99%         4    ####...


Dungeon Overview and Level Annotations

Branches:
Dungeon (6/15)             Temple (0/1) D:4

Altars:
Ashenzari
Hepliaklqana
Kikubaaqudgha
Makhleb
Nemelex Xobeh
Uskayaw
Vehumet
Wu Jian
Yredelemnul

Annotations:
D:5 exclusion: statue


Innate Abilities, Weirdness & Mutations

Your experience applies equally to all skills.
You have very sharp teeth.
Your uncanny sense of smell can sniff out nearby items.


Message History

The orc warrior closely misses you.
The orc priest looks satisfied for a moment.
The orc priest begins to cast a cantrip, but forgets the words!
You barely miss the orc priest.
The orc priest is moderately wounded.
The orc priest barely misses you.
The orc warrior hits you from afar with a +1 halberd of flaming!
The orc warrior burns you.
* * * LOW HITPOINT WARNING * * *
You hit the orc priest.
The orc priest is severely wounded.
The orc priest hits you but does no damage.
You block the orc warrior's attack. You block the orc priest's attack.
There is an open gate here.
The orc warrior hits you from afar with a +1 halberd of flaming!
* * * LOW HITPOINT WARNING * * *
The orc warrior burns you.
You die...
Your body glows slightly and disappears.

.#.#.#.# # #.#.#..#
..#...#.8.#...#..#
###..#.#.#.#.#.#..#
##
#.##.(#...#...#..#
..
#..##..#.#.#.#$.#
.. #...##..#o.o#..#
.. ##...p##..oo.†.#
## #'....p###'''###
###p........@..#
#.p......#######
#..[.....#
#####).....(.#
..[.((()####.#
######### #...∆
#####


You could see an orc warrior, 2 orc priests, an orc and a neutral freed slave
(wandering).

Vanquished Creatures
  Pikel (D:6)
  Grinder (D:5)
  An orc warrior (D:5)
  An ogre (D:4)
  A phantom (D:5)
  A slave (D:6)
  2 centaurs
  A bullfrog (D:6)
  A water moccasin zombie (Ossuary)
  A scorpion (D:5)
  A water moccasin skeleton (D:6)
  2 howler monkeys
  5 crimson imps
  2 orc priests
  A hound (D:5)
  A jelly (D:4)
  An orc wizard (D:4)
  Crazy Yiuf (D:5)
  2 iguanas
  Ijyb (D:5)
  2 big kobold zombies (Ossuary)
  2 mummies (Ossuary)
  A worker ant zombie (D:6)
  4 gnolls (D:2)
  12 adders
  7 adder zombies
  A dart slug (D:2)
  4 leopard geckos
  8 orcs
  7 bats
  A giant cockroach (D:1)
  A gnoll zombie (Ossuary)
  7 goblins
  A hobgoblin (D:2)
  12 jackals
  A ball python (D:1)
  4 frilled lizards
  6 hobgoblin zombies (Ossuary)
  A jackal skeleton (D:6)
  11 kobolds
  5 kobold zombies (Ossuary)
  7 orc zombies (Ossuary)
  A quokka skeleton (D:2)
  12 rats
146 creatures vanquished.

Vanquished Creatures (collateral kills)
  An ogre (D:4)
  Blork the orc (D:4)
  Robin (D:4)
  An adder (D:4)
  A giant cockroach (D:4)
  6 goblins (D:4)
  3 hobgoblins (D:4)
  A jackal skeleton (D:4)
15 creatures vanquished.

Vanquished Creatures (others)
  An orc wizard (D:6)
  An orc (D:6)
  A hobgoblin (D:3)
  A hobgoblin zombie (Ossuary)
  An orc zombie (Ossuary)
5 creatures vanquished.

Grand Total: 166 creatures vanquished

Notes
Turn   | Place    | Note
-------+----------+-------------------------------------------
     0 | D:1      | Hercules1031 the Gnoll Wanderer began the quest for the
                  | Orb.
     0 | D:1      | Hercules1031 set off with the following items: a +2 scale
                  | mail, a +0 quarterstaff, a potion of lignification, a
                  | ration
     0 | D:1      | Reached XP level 1. HP: 20/20 MP: 2/2
    93 | D:1      | Reached XP level 2. HP: 26/26 MP: 3/3
   422 | D:1      | Reached XP level 3. HP: 31/31 MP: 4/4
   892 | D:2      | Reached skill level 1 in Invocations
  1012 | D:2      | Found a faded altar of an unknown god.
  1020 | D:2      | Became a worshipper of Nemelex Xobeh the Trickster
  1020 | D:2      | Received a gift from Nemelex Xobeh
  1020 | D:2      | Reached * piety under Nemelex Xobeh
  1090 | D:2      | Reached skill level 1 in Short Blades
  1090 | D:2      | Reached skill level 1 in Axes
  1090 | D:2      | Reached skill level 1 in Maces & Flails
  1090 | D:2      | Reached skill level 1 in Polearms
  1090 | D:2      | Reached skill level 1 in Staves
  1090 | D:2      | Reached skill level 1 in Slings
  1090 | D:2      | Reached skill level 1 in Bows
  1090 | D:2      | Reached skill level 1 in Crossbows
  1090 | D:2      | Reached skill level 1 in Dodging
  1090 | D:2      | Reached skill level 1 in Shields
  1090 | D:2      | Reached skill level 1 in Unarmed Combat
  1090 | D:2      | Reached skill level 1 in Spellcasting
  1090 | D:2      | Reached XP level 4. HP: 28/38 MP: 4/6
  1274 | D:2      | Found a burning altar of Makhleb.
  1316 | D:2      | Reached skill level 1 in Conjurations
  1316 | D:2      | Reached skill level 1 in Hexes
  1316 | D:2      | Reached skill level 1 in Charms
  1316 | D:2      | Reached skill level 1 in Summonings
  1316 | D:2      | Reached skill level 1 in Necromancy
  1316 | D:2      | Reached skill level 1 in Translocations
  1316 | D:2      | Reached skill level 1 in Transmutations
  1316 | D:2      | Reached skill level 1 in Fire Magic
  1316 | D:2      | Reached skill level 1 in Ice Magic
  1316 | D:2      | Reached skill level 1 in Air Magic
  1316 | D:2      | Reached skill level 1 in Earth Magic
  1316 | D:2      | Reached skill level 1 in Poison Magic
  1316 | D:2      | Reached XP level 5. HP: 39/43 MP: 7/7
  1455 | D:2      | You fall through a shaft for 2 floors!
  1496 | D:3      | Found a basalt altar of Yredelemnul.
  1496 | D:3      | Found a hazy altar of Hepliaklqana.
  1496 | D:3      | Found a hide-covered altar of Uskayaw.
  1779 | D:2      | Found a sparkling altar of Nemelex Xobeh.
  2050 | D:3      | Received a gift from Nemelex Xobeh
  2089 | D:3      | Reached ** piety under Nemelex Xobeh
  2215 | D:3      | Found an ancient bone altar of Kikubaaqudgha.
  2454 | D:3      | Found an ornate altar of the Wu Jian Council.
  2590 | D:4      | Received a gift from Nemelex Xobeh
  2590 | D:4      | Noticed Robin
  2591 | D:4      | Noticed Blork the orc
  2595 | D:4      | Noticed a wyvern
  2595 | D:4      | Noticed a wyvern
  2601 | D:4      | Killed Robin
  2605 | D:4      | Noticed an ogre
  2617 | D:4      | Killed Blork the orc
  2617 | D:4      | Reached XP level 6. HP: 10/50 MP: 8/8
  3174 | D:4      | Reached skill level 5 in Fighting
  3175 | D:4      | Found a staircase to the Ecumenical Temple.
  3232 | D:4      | Reached XP level 7. HP: 39/56 MP: 10/10
  4036 | D:5      | Entered Level 5 of the Dungeon
  4045 | D:5      | Noticed Ijyb
  4077 | D:5      | Killed Ijyb
  4295 | D:5      | Found a radiant altar of Vehumet.
  4331 | D:5      | Reached skill level 9 in Long Blades
  4422 | D:5      | Found a shattered altar of Ashenzari.
  4582 | D:5      | Found a runed door.
  4693 | D:5      | Reached XP level 8. HP: 63/63 MP: 12/12
  4699 | D:5      | Reached *** piety under Nemelex Xobeh
  4699 | D:5      | Received a gift from Nemelex Xobeh
  4733 | D:5      | Noticed Grinder
  4769 | D:5      | Killed Grinder
  5517 | D:5      | Noticed Crazy Yiuf
  5527 | D:5      | Killed Crazy Yiuf
  6284 | D:6      | Found a sand-covered staircase.
  6293 | Ossuary  | Entered an ossuary
  6561 | D:6      | Received a gift from Nemelex Xobeh
  6692 | D:6      | Reached XP level 9. HP: 60/69 MP: 14/14
  6805 | D:6      | Noticed Pikel
  6825 | D:6      | Killed Pikel
  6888 | D:6      | HP: 3/69 [orc warrior/+1 halberd of flaming (13)]
  6888 | D:6      | Slain by an orc warrior

Vault maps used:
D:1:      roderic_crossed_star
D:2:      makhleb_grotto_becter, marbit_many_paths,
          chequers_ecumenical_altar_grove
D:3:      old_standard_altar, lemuel_round_altar, grunt_temple_overflow_open
D:4:      minmay_temple_entry_proselytizer, first_ration, uniq_robin,
          uniq_blork_the_orc
D:5:      cheibrodos_ashenzari_chains, vehumet_statue, st_stairs_2,
          hangedman_glass_teeth, uniq_ijyb, uniq_grinder,
          uniq_crazy_yiuf_cottage
D:6:      enter_ossuary_3, kennysheep_cluttered_room, uniq_eustachio,
          uniq_pikel, uniq_duvessa
Ossuary:  ossuary_tomb_2

Skill      XL: |  1  2  3  4  5  6  7  8  9 |
---------------+----------------------------+-----
Invocations    | 1 2 3 4 |  4.5
Short Blades   | 1 2 3 4 |  4.1
Axes           | 1 2 3 4 |  4.1
Maces & Flails | 1 2 3 4 |  4.1
Polearms       | 1 2 3 4 |  4.1
Staves         | 1 2 3 4 |  4.1
Slings         | 1 2 3 4 |  4.1
Bows           | 1 2 3 4 |  4.1
Crossbows      | 1 2 3 4 |  4.1
Dodging        | 1 2 3 4 |  4.1
Shields        | 1 2 3 4 |  4.1
Unarmed Combat | 1 2 3 4 |  4.1
Spellcasting   | 1 2 3 4 |  4.1
Conjurations   | 1 2 3 |  3.3
Hexes          | 1 2 3 |  3.3
Charms         | 1 2 3 |  3.3
Summonings     | 1 2 3 |  3.3
Necromancy     | 1 2 3 |  3.3
Translocations | 1 2 3 |  3.3
Transmutations | 1 2 3 |  3.3
Fire Magic     | 1 2 3 |  3.3
Ice Magic      | 1 2 3 |  3.3
Air Magic      | 1 2 3 |  3.3
Earth Magic    | 1 2 3 |  3.3
Poison Magic   | 1 2 3 |  3.3
Throwing       | 3 4 |  4.9
Armour         | 3 4 |  4.9
Evocations     | 3 4 |  4.9
Stealth        | 3 4 |  4.8
Fighting       | 5 6 |  6.2
Long Blades    | 9 |  9.5

Action                   |  1- 3 |  4- 6 |  7- 9 || total
-------------------------+-------+-------+-------++-------
Melee: Quarterstaff      |   105 |   113 |       ||   218
       Bite              |     8 |     9 |    44 ||    61
       Long sword        |       |    20 |   389 ||   409
       Mace              |       |     6 |       ||     6
 Abil: Draw Destruction  |       |     4 |       ||     4
       Draw Summoning    |       |     4 |       ||     4
  Use: Scroll            |     2 |     8 |     4 ||    14
       Potion            |       |     1 |     7 ||     8
  Eat: Ration            |     1 |     2 |     3 ||     6
Armor: Scale mail        |    74 |   100 |   133 ||   307
       Plate armour      |     4 |       |       ||     4
       Skin              |       |       |    10 ||    10
Dodge: Dodged            |    79 |   104 |   117 ||   300
Block: Shield            |       |    10 |   158 ||   168
       Rpst.: Long sword |       |     2 |    37 ||    39

Table legend:
 A = Non-vault XP
 B = Vault XP
 C = Vault XP percentage of total XP
 D = Non-vault monster count
 E = Vault monster count
 F = Vault count percentage of total count
                 A         B        C        D         E       F
            +---------+---------+-------+---------+---------+-------
      Total |    1761 |    1417 |  44.6 |     110 |      51 |  31.7
            +---------+---------+-------+---------+---------+-------
        D:1 |      50 |       0 |   0.0 |      30 |       0 |   0.0
        D:2 |     116 |      48 |  29.3 |      20 |       2 |   9.1
        D:3 |      59 |       0 |   0.0 |      15 |       0 |   0.0
        D:4 |     424 |     111 |  20.7 |      21 |      13 |  38.2
        D:5 |     651 |     406 |  38.4 |      11 |       5 |  31.2
        D:6 |     461 |     641 |  58.2 |      13 |       1 |   7.1
    Ossuary |       0 |     211 | 100.0 |       0 |      30 | 100.0
            +---------+---------+-------+---------+---------+-------
